Map: [ESL] Royal Blood

Players

Reynor - Winner!

  • Race: Zerg Zerg
  • Spawn Location: 7:00

Krystianer

  • Race: Protoss Protoss
  • Spawn Location: 1:00

Event: ESL SC2 Masters 2023 Summer (Regionals)

VOD

Have the link to the VOD?

Description

Time

  • Played on: May 18, 2023, 10:42 a.m.
  • Length: 7:54

All games in this series

Show
View Real Time Build Order
Export as new Build Order

Reynor Zerg - Winner!

Build Orders: Hatch First 

Get SALT Encoding   

  12  0:00  Drone  
  13  0:12  Overlord  
  13  0:16  Drone  
  14  0:30  Drone x2  
  16  0:47  Hatchery  
  15  0:50  Drone  
  15  0:54  Drone  
  17  0:57  Drone  
  18  1:08  Extractor  
  17  1:12  Spawning Pool  
  17  1:16  Drone  
  17  1:19  Drone  
  18  1:27  Drone  
  19  1:38  Drone  
  20  1:49  Overlord  
  20  1:59  Queen x2  
  20  2:00  Drone  
  26  2:01  Drone  
  26  2:10  Zergling x4  
  28  2:20  Drone  
  28  2:21  Drone  
  30  2:31  Drone  
  30  2:32  Drone  
  30  2:34  Hatchery  
  31  2:37  Metabolic Boost  
  31  2:43  Drone, Overlord  
  32  2:49  Queen  
  34  2:54  Drone x2  
  36  3:04  Overlord, Queen  
  38  3:06  Drone  
  38  3:09  Drone  
  38  3:10  Drone  
  38  3:12  Drone  
  42  3:13  Drone  
  42  3:15  Drone  
  44  3:22  Drone x3  
  47  3:30  Overlord  
  47  3:32  Queen  
  47  3:33  Drone  
  50  3:39  Roach Warren  
  50  3:41  Drone  
  50  3:45  Queen  
  50  3:46  Queen  
  55  3:49  Drone x2  
  57  3:58  Zergling x6  
  57  4:00  Drone  
  57  4:01  Spore Crawler  
  60  4:03  Spore Crawler x2  
  60  4:04  Drone  
  60  4:06  Drone  
  60  4:08  Overlord  
  61  4:10  Drone x2  
  61  4:16  Drone  
  64  4:17  Roach Warren  
  64  4:19  Drone, Spore Crawler  
  64  4:22  Drone x2  
  64  4:23  Overlord  
  66  4:29  Drone x2  
  66  4:34  Drone  
  66  4:35  Lair  
  66  4:37  Extractor  
  66  4:38  Overlord, Spore Crawler  
  65  4:40  Drone  
  65  4:44  Drone x3  
  69  4:47  Drone x2  
  69  4:51  Drone  
  72  4:54  Extractor  
  72  4:57  Overlord  
  70  5:00  Drone x3  
  72  5:14  Roach x2  
  72  5:15  Pneumatized Carapace  
  72  5:18  Roach  
  72  5:19  Roach x3, Zergling x12  
  72  5:21  Extractor  
  89  5:22  Overlord  
  89  5:24  Roach  
  91  5:30  Queen  
  91  5:32  Roach  
  91  5:33  Roach  
  97  5:40  Zergling x4  
  97  5:41  Zergling x10  
  97  5:42  Overlord  
  104  5:46  Overlord, Zergling x2  
  105  5:52  Overlord  
  105  5:55  Overlord  
  105  6:00  Overlord  
  105  6:05  Roach x3, Zergling x4  
  105  6:06  Queen  
  105  6:09  Ravager  
  116  6:12  Zergling x2  
  116  6:13  Zergling x8  
  120  6:19  Zergling x10  
  120  6:20  Zergling x2  
  117  6:26  Ravager x4  
  117  6:28  Roach x3  
  120  6:32  Queen  
  120  6:33  Queen  
  120  6:35  Roach  
  120  6:38  Roach, Zergling x2  
  120  6:39  Zergling x2  
  124  6:46  Roach x2  
  126  6:51  Roach x2, Zergling x6  
  126  6:56  Ravager x3  
  126  7:03  Roach x2, Zergling x2  
  126  7:06  Queen  
  126  7:08  Queen  
  132  7:13  Roach x2, Zergling x2  
  134  7:21  Roach x2  
  129  7:26  Zergling x2  
  126  7:30  Roach  
  126  7:35  Ravager  
  126  7:36  Ravager  
Show
View Real Time Build Order
Export as new Build Order

Krystianer Protoss 

Build Orders: 1 Gate Expand, Oracle Opening, Zealot Archon, Archon Drop 

Get SALT Encoding   

  12  0:00  Probe  
  13  0:12  Probe  
  14  0:17  Pylon  
  14  0:24  Probe (Chrono Boost)  
  15  0:36  Probe (Chrono Boost)  
  15  0:39  Gateway  
  16  0:45  Probe (Chrono Boost)  
  16  0:48  Assimilator  
  17  0:50  Probe  
  18  1:03  Probe  
  19  1:15  Probe  
  20  1:25  Nexus  
  20  1:34  Cybernetics Core  
  20  1:38  Probe  
  21  1:43  Assimilator  
  21  1:51  Probe  
  22  1:54  Pylon  
  22  2:03  Probe  
  23  2:14  Stargate  
  23  2:15  Probe (Chrono Boost)  
  24  2:19  Stalker  
  26  2:27  Probe (Chrono Boost)  
  26  2:28  Warp Gate  
  27  2:34  Probe (Chrono Boost)  
  28  2:37  Probe (Chrono Boost)  
  28  2:44  Probe (Chrono Boost)  
  30  2:47  Probe (Chrono Boost)  
  30  2:49  Adept  
  34  2:51  Probe (Chrono Boost)  
  34  2:54  Probe (Chrono Boost)  
  34  2:56  Probe (Chrono Boost)  
  36  2:59  Oracle (Chrono Boost)  
  36  3:03  Probe  
  40  3:07  Probe  
  40  3:10  Pylon  
  41  3:15  Probe  
  43  3:20  Probe  
  43  3:28  Oracle (Chrono Boost)  
  43  3:29  Probe  
  43  3:32  Probe  
  48  3:38  Nexus  
  49  3:41  Probe  
  49  3:45  Probe  
  50  3:48  Pylon  
  50  3:53  Probe  
  51  3:55  Assimilator  
  51  3:57  Probe, Assimilator  
  52  4:05  Probe, Oracle (Chrono Boost)  
  52  4:09  Probe, Pylon  
  57  4:10  Gateway  
  57  4:16  Adept  
  59  4:17  Probe  
  59  4:21  Probe  
  59  4:23  Pylon  
  61  4:29  Probe  
  62  4:33  Probe  
  62  4:36  Twilight Council  
  63  4:39  Forge  
  63  4:43  Probe (Chrono Boost)  
  63  4:45  Robotics Facility  
  65  4:47  Shield Battery  
  65  4:48  Probe (Chrono Boost)  
  65  4:50  Probe (Chrono Boost)  
  66  4:54  Sentry  
  66  4:59  Probe x2 (Chrono Boost)  
  71  5:01  Probe (Chrono Boost)  
  71  5:04  Probe (Chrono Boost)  
  71  5:06  Probe, Gateway  
  73  5:08  Gateway  
  73  5:09  Probe  
  74  5:16  Probe  
  74  5:17  Assimilator  
  74  5:18  Probe  
  74  5:19  Assimilator  
  74  5:20  Pylon, Protoss Ground Weapons Level 1  
  76  5:21  Probe  
  76  5:24  Templar Archives  
  76  5:28  Probe, Warp Prism (Chrono Boost)  
  77  5:30  Probe  
  77  5:34  Probe  
  82  5:45  Gateway x2  
  82  5:47  Pylon  
  82  5:50  Probe, Gateway  
  82  5:52  Probe x2  
  82  5:56  Immortal (Chrono Boost)  
  89  6:05  High Templar x2  
  89  6:06  High Templar x2  
  89  6:07  Probe  
  89  6:09  Archon x2  
  97  6:15  Cybernetics Core  
  97  6:16  Pylon  
  93  6:22  Probe  
  93  6:25  Probe x2, Immortal (Chrono Boost)  
  100  6:34  Probe  
  97  6:40  Zealot x2, Stalker  
  97  6:41  Zealot x3  
  97  6:44  Probe  
  97  6:45  Probe  
  107  6:48  Zealot  
  107  6:49  Probe  
  107  6:52  Immortal (Chrono Boost)  
  98  7:03  Zealot x2  
  98  7:04  Zealot x4  
  108  7:08  Probe  
  108  7:10  Zealot  
  94  7:24  Zealot x5  
  94  7:29  Zealot x6  
  95  7:36  Probe  
  92  7:38  Probe  
  92  7:40  Zealot  
Tags
 
Add a new tag
Caveats
  • Supply blocks, unpowered buildings, or Contaminate may cause inaccurate times.
  • Supply counts are checked every 10 seconds.